 Dungeon Sprint DCSS version 0.21.1-1-g345015f (webtiles) character file.

14917 Fang the Warrior (level 11, -6/121 HPs)
             Began as a Minotaur Berserker on Apr 30, 2018.
             Was the Champion of Trog.
             Mangled by a red devil
             ... wielding a +0 trident
              (10 damage)
             ... in the Dungeon (Sprint V: "Ziggurat Sprint").
             The game lasted 00:07:14 (1759 turns).

Fang the Warrior (Minotaur Berserker)               Turns: 1759, Time: 00:07:14

Health: -6/121     AC: 29    Str: 28    XL:     11   Next: 95%
Magic:  12/12      EV: 14    Int:  4    God:    Trog [******]
Gold:   0          SH:  0    Dex: 13    Spells: 10/10 levels left

rFire    + + .     SeeInvis +   l - +5 demon trident (protect)
rCold    . . .     Gourm    .   (no shield)
rNeg     . . .     Faith    .   j - +5 shadow dragon scales
rPois    .         Spirit   .   (helmet restricted)
rElec    .         Reflect  .   (no cloak)
rCorr    .         Harm     .   (no gloves)
MR       +....     NoTele   +   (no boots)
Stlth    +++.......             b - amulet of Henotheism {+Rage MR+}
HPRegen  0.00/turn              G - ring of flight
MPRegen  0.13/turn              H - ring of Leaves {*Drain rF++ Str+3 Dex+3}

@: protection aura, berserk cooldown, slowed, very slow
A: retaliatory headbutt, horns 2, see invisible, high mp 1, inhibited
regeneration
a: Berserk, Trog's Hand, Brothers in Arms, Burn Spellbooks, Renounce Religion,
Evoke Berserk Rage, Evoke Flight


You were in the Dungeon.
You worshipped Trog.
Trog was exalted by your worship.
You were hungry.

You visited 1 branch

Inventory:

Hand Weapons
 l - a +5 demon trident of protection (weapon)
 A - a +4 war axe of flaming
Missiles
 B - 8 tomahawks of returning (quivered)
Armour
 j - +5 shadow dragon scales (worn)
Jewellery
 b - the amulet of Henotheism (around neck) {+Rage MR+}
   (You found it in the Dungeon)

   [amulet of rage]

   It affects your resistance to hostile enchantments.
   It lets you go berserk.
 u - a +4 amulet of reflection
 G - a ring of flight (left hand)
 H - the ring of Leaves (right hand) {*Drain rF++ Str+3 Dex+3}
   (You found it in the Dungeon)

   [ring of strength]

   It affects your strength (+3).
   It affects your dexterity (+3).
   It greatly protects you from fire.
   It causes draining when unequipped.
Wands
 x - a wand of disintegration (7)
 y - a wand of iceblast (7)
 z - a wand of acid (7)
Scrolls
 i - 4 scrolls of blinking
 m - 7 scrolls of fog
 n - a scroll of holy word
 o - 5 scrolls of identify
 p - 5 scrolls of remove curse
 q - 2 scrolls of fear
Potions
 d - 10 potions of curing
 e - 10 potions of heal wounds
 f - 6 potions of haste
 g - 7 potions of magic
 h - 3 potions of berserk rage
 r - 2 potions of brilliance
 s - 2 potions of invisibility
 t - 4 potions of resistance
 v - 5 potions of agility
 w - 5 potions of might
Miscellaneous
 a - 2 sacks of spiders
 k - 2 boxes of beasts
 C - a phial of floods
 D - a phial of floods
Comestibles
 c - 7 rations


   Skills:
 + Level 18.5 Fighting
 + Level 13.6(17.0) Axes
 + Level 17.0(18.6) Polearms
 + Level 16.0 Armour
 + Level 8.5 Dodging
 + Level 2.4 Stealth
 + Level 1.8 Evocations


You had 10 spell levels left.
You didn't know any spells.

Dungeon Overview and Level Annotations

Branches:
Dungeon (1/1)

Altars:
Ashenzari
Cheibriados
Dithmenos
Elyvilon
Fedhas
Gozag
Hepliaklqana
Kikubaaqudgha
Makhleb
Nemelex Xobeh
Okawaru
Qazlal
Ru
Sif Muna
Trog
Uskayaw
Vehumet
Wu Jian
Xom
Yredelemnul
Zin
The Shining One
Beogh
Jiyva
Lugonu

Annotations:
D 1 transporter


Innate Abilities, Weirdness & Mutations

You reflexively headbutt those who attack you in melee.
You have a pair of horns on your head.
You have supernaturally acute eyesight. (SInv)
You have an increased reservoir of magic. (+10% MP)
You do not regenerate when monsters are visible.


Message History

The red devil hits you but does no damage.
The reaper hits you with a scythe of protection.
* * * LOW HITPOINT WARNING * * *
The skeletal warrior hits you but does no damage.
The reaper hits you from afar with a scythe of protection.
* * * LOW HITPOINT WARNING * * *
The red devil barely misses you.
You impale the skeletal warrior!!
You destroy the skeletal warrior!
Trog accepts your kill.
Your base Polearms skill increases to level 17!
Your Armour skill increases to level 16!
The reaper misses you. You furiously retaliate!
You headbutt the reaper, but do no damage.
The red devil hits you but does no damage.
The reaper hits you from afar with a scythe of protection!
* * * LOW HITPOINT WARNING * * *
The reaper hits you but does no damage.
The red devil hits you from afar with a trident!
You die...

▓▓▓▓▓▓▓▓▓▓▓▓▓▓▓▓▓▓▓▓▓
▓...8©8...▓...8©8...▓
▓..}||....▓..|)}[...▓
▓..=)=}|..▓...)).|..▓
▓.........▓.........▓
▓.........▓.........▓
▓..2.24...▓.........▓
▓...).....▓...[..)..▓
▓...)@....▓.▓.[)).▓.▓
▓.▓.....▓.▓....©....▓
▓....©....▓▓▓▓▓▓▓▓▓▓▓
▓▓▓▓▓▓▓▓▓▓▓


You could see 2 reapers and a red devil.

Vanquished Creatures
  3 dancing weapons (D)
  A skeletal warrior (D)
  A deep elf archer (D)
  An orb spider (shapeshifter) (D)
  2 ugly things (D)
  4 deep elf magi (D)
  2 rust devils (D)
  A shining eye (D)
  2 toenail golems (D)
  A rime drake (D)
  An ice devil (D)
  2 merfolk (D)
  2 jumping spiders (D)
  A polar bear (shapeshifter) (D)
  4 hippogriffs (D)
  4 tarantellas (D)
  A wraith (D)
  A wyvern (D)
  A fire elemental (D)
  A hog (shapeshifter) (D)
  A neqoxec (D)
  4 acid dragons (D)
  A naga (D)
  2 water moccasins (D)
  8 centaurs (D)
  2 scorpions (D)
  2 iron imps (D)
  An adder (D)
  4 ball pythons (D)
61 creatures vanquished.

Notes
Turn   | Place    | Note
-------+----------+-------------------------------------------
     0 | D        | Found the +6 Majin-Bo {vamp, Archmagi MP+6 Int+6}
     0 | D        | Found the +7 great mace "Firestarter" {inner flame, rF++}
     0 | D        | Fang the Minotaur Berserker began the quest for the Orb.
     0 | D        | Reached XP level 1. HP: 19/19 MP: 0/0
     5 | D        | Found a blossoming altar of Fedhas.
     6 | D        | Found a viscous altar of Jiyva.
     6 | D        | Found a hazy altar of Hepliaklqana.
     6 | D        | Found a transporter.
     6 | D        | Found an opulent altar of Gozag.
     6 | D        | Found an ancient bone altar of Kikubaaqudgha.
     6 | D        | Found a corrupted altar of Lugonu.
    12 | D        | Found a burning altar of Makhleb.
    13 | D        | Found a stormy altar of Qazlal.
    13 | D        | Found a sacrificial altar of Ru.
    13 | D        | Found an iron altar of Okawaru.
    13 | D        | Found a deep blue altar of Sif Muna.
    13 | D        | Found a sparkling altar of Nemelex Xobeh.
    13 | D        | Found a bloodstained altar of Trog.
    76 | D        | Entered arena 2.
    76 | D        | Noticed a toenail golem
    76 | D        | Noticed a toenail golem
    76 | D        | Found a transporter.
    77 | D        | Found the +12 glaive of Prune {chop}
    84 | D        | Killed a toenail golem
    84 | D        | Reached skill level 10 in Fighting
    84 | D        | Reached skill level 10 in Axes
    84 | D        | Reached skill level 5 in Polearms
    84 | D        | Reached XP level 2. HP: 30/38 MP: 1/1
    84 | D        | Reached XP level 3. HP: 35/45 MP: 2/2
    84 | D        | Reached XP level 4. HP: 40/51 MP: 3/3
    84 | D        | Reached XP level 5. HP: 46/58 MP: 4/4
    84 | D        | Reached XP level 6. HP: 53/66 MP: 5/5
    89 | D        | Killed a toenail golem
    89 | D        | Reached skill level 11 in Fighting
    89 | D        | Reached skill level 5 in Dodging
    89 | D        | Reached XP level 7. HP: 51/74 MP: 6/6
   260 | D        | Entered arena 3.
   260 | D        | Found a transporter.
   263 | D        | Reached ** piety under Trog
   269 | D        | Reached skill level 12 in Fighting
   283 | D        | Got the amulet of Henotheism {+Rage MR+}
   292 | D        | Entered arena 4.
   292 | D        | Noticed a tarantella
   292 | D        | Noticed a jumping spider
   292 | D        | Noticed a tarantella
   292 | D        | Noticed a tarantella
   292 | D        | Found a transporter.
   296 | D        | Killed a tarantella
   296 | D        | Reached XP level 8. HP: 83/83 MP: 7/7
   298 | D        | Reached *** piety under Trog
   300 | D        | Killed a jumping spider
   300 | D        | Reached skill level 13 in Fighting
   353 | D        | Entered arena 5.
   353 | D        | Noticed a jumping spider
   353 | D        | Found a transporter.
   373 | D        | Killed a jumping spider
   373 | D        | Reached **** piety under Trog
   378 | D        | Reached skill level 10 in Polearms
   378 | D        | Reached XP level 9. HP: 48/94 MP: 8/8
   389 | D        | Reached ***** piety under Trog
   591 | D        | Entered arena 6.
   591 | D        | Found a transporter.
   592 | D        | Found the +8 storm bow {elec}
   599 | D        | Received a gift from Trog
   620 | D        | Got the ring "Zammodghe" {rC+ MP+9 Dex+5 SInv}
   626 | D        | Entered arena 7.
   626 | D        | Noticed a rime drake
   627 | D        | Found a transporter.
   632 | D        | Killed a rime drake
   632 | D        | Reached skill level 14 in Fighting
   632 | D        | Reached skill level 10 in Armour
   633 | D        | Received a gift from Trog
   641 | D        | Reached XP level 10. HP: 21/104 MP: 9/9
   646 | D        | HP: 5/156 [acid dragon (4)]
   649 | D        | HP: 2/156 [acid dragon (3)]
  1021 | D        | Entered arena 8.
  1022 | D        | Found a transporter.
  1033 | D        | Received a gift from Trog
  1036 | D        | Reached skill level 15 in Fighting
  1037 | D        | Reached ****** piety under Trog
  1123 | D        | Entered arena 9.
  1123 | D        | Noticed a purple ugly thing
  1123 | D        | Noticed a shining eye
  1123 | D        | Noticed a brown ugly thing
  1123 | D        | Noticed an orb spider
  1125 | D        | Found a transporter.
  1125 | D        | Gained mutation: You have supernaturally acute eyesight. (SInv) [a neqoxec]
  1136 | D        | Killed a brown ugly thing
  1136 | D        | Received a gift from Trog
  1136 | D        | Gained mutation: You have an increased reservoir of magic. (+10% MP) [a neqoxec]
  1138 | D        | Gained mutation: You do not regenerate when monsters are visible. [a neqoxec]
  1139 | D        | Killed a purple ugly thing
  1141 | D        | Killed a shining eye
  1143 | D        | Reached skill level 16 in Fighting
  1143 | D        | Reached XP level 11. HP: 114/114 MP: 9/11
  1149 | D        | Killed an orb spider
  1171 | D        | Got the amulet "Caxtumo" {Reflect +Inv SH+5}
  1174 | D        | Got the ring of Leaves {*Drain rF++ Str+3 Dex+3}
  1256 | D        | Entered arena 10.
  1257 | D        | Found a transporter.
  1271 | D        | Received a gift from Trog
  1284 | D        | Reached skill level 15 in Polearms
  1572 | D        | Entered arena 11.
  1572 | D        | Noticed a deep elf mage
  1572 | D        | Noticed a long sword of draining
  1572 | D        | Noticed a deep elf mage
  1572 | D        | Noticed a glaive of chopping
  1572 | D        | Noticed a deep elf archer
  1572 | D        | Noticed a deep elf mage
  1572 | D        | Noticed a deep elf mage
  1572 | D        | Noticed a flail of crushing
  1576 | D        | Killed a deep elf mage
  1576 | D        | Received a gift from Trog
  1577 | D        | Killed a flail of crushing
  1577 | D        | Reached skill level 17 in Fighting
  1583 | D        | Killed a long sword of draining
  1585 | D        | Killed a deep elf mage
  1585 | D        | Received a gift from Trog
  1585 | D        | Reached skill level 1 in Evocations
  1593 | D        | Killed a deep elf mage
  1596 | D        | Killed a deep elf archer
  1596 | D        | Reached skill level 15 in Armour
  1598 | D        | Killed a glaive of chopping
  1599 | D        | Found a transporter.
  1602 | D        | Killed a deep elf mage
  1602 | D        | Reached skill level 18 in Fighting
  1614 | D        | Received a gift from Trog
  1731 | D        | Entered arena 12.
  1731 | D        | Noticed a reaper
  1732 | D        | Noticed a reaper
  1733 | D        | Noticed a skeletal warrior
  1734 | D        | Found a transporter.
  1754 | D        | Received a gift from Trog
  1758 | D        | Killed a skeletal warrior
  1759 | D        | HP: 4/121 [reaper/scythe of protection (8)]
  1759 | D        | Mangled by a red devil

Skill      XL: |  1  2  3  4  5  6  7  8  9 10 11 |
---------------+----------------------------------+-----
Fighting       | 10 11 12 13 14 16 18 | 18.5
Axes           | 10 11 12 13 | 13.6
Polearms       | 5 6 7 10 11 14 17 | 17.0
Armour         | 6 7 8 9 10 12 16 | 16.0
Dodging        | 4 5 6 7 8 |  8.5
Stealth        | 2 |  2.4
Evocations     | 1 |  1.8

Action                   |  1- 3 |  4- 6 |  7- 9 | 10-12 || total
-------------------------+-------+-------+-------+-------++-------
Melee: Demon trident     |     7 |     4 |    52 |   107 ||   170
       Headbutt          |     1 |     1 |    14 |    16 ||    32
Invok: Berserk           |     1 |       |     1 |     5 ||     7
       Burn Spellbooks   |       |       |     1 |     3 ||     4
Evoke: Phial of floods   |       |       |       |     1 ||     1
  Use: Scroll            |       |       |     1 |       ||     1
       Potion            |       |       |     1 |       ||     1
  Eat: Chunk             |       |       |     1 |     7 ||     8
Armor: Shadow dragon sca |     3 |     2 |    49 |    78 ||   132
Dodge: Dodged            |     4 |       |    50 |    94 ||   148
